 Dungeon Crawl Stone Soup version 0.23-b1-67-g8bd44de8e4 (webtiles) character file.

Game seed: 2728061563409750975

46 Descartes the Insei (level 3, -2/23 HPs)
             Began as an Octopode Transmuter on Feb 5, 2019.
             Killed by nerve-wracking pain
             ... invoked by Jessica
              (7 damage)
             ... on level 2 of the Dungeon.
             The game lasted 00:02:19 (1145 turns).

Descartes the Insei (Octopode Transmuter)           Turns: 1145, Time: 00:02:21

Health: -2/23      AC:  1    Str:  9    XL:     3   Next: 68%
Magic:  5/6        EV: 13    Int: 16    God:
Gold:   54         SH:  0    Dex: 12    Spells: 3/6 levels left

rFire    . . .     SeeInvis .     - Unarmed
rCold    . . .     Gourm    .   (no shield)
rNeg     . . .     Faith    .   (helmet restricted)
rPois    .         Spirit   .   (no amulet)
rElec    .         Reflect  .   (no ring)
rCorr    .         Harm     .   (no ring)
MR       .....                  (no ring)
Stlth    ++........             (no ring)
HPRegen  0.07/turn              (no ring)
MPRegen  0.10/turn              (no ring)
                                (no ring)
                                (no ring)

@: lethally poisoned (-2 -> -6), appendage
A: almost no armour, stealthy swim, amphibious, 8 rings, constrict 8, tentacle
spike 3, camouflage 1, gelatinous body 1
a: End Transformation


You were on level 2 of the Dungeon.
You were not hungry.
One of your tentacles had a temporary spike.
You visited 1 branch of the dungeon, and saw 2 of its levels.

You collected 54 gold pieces.

Inventory:

Missiles
 a - 12 arrows
Scrolls
 e - 2 scrolls of teleportation {unknown}
 f - a scroll of enchant armour {unknown}
 g - 3 scrolls of enchant weapon {unknown}
Potions
 b - a potion of magic {unknown}
 d - a potion of haste {unknown}
 h - a potion of heal wounds {unknown}
 j - a potion of ambrosia {unknown}
Comestibles
 c - 2 rations
 i - a chunk of flesh


   Skills:
 - Level 1.0 Fighting
 + Level 2.3 Dodging
 * Level 3.5 Unarmed Combat
 + Level 2.3 Spellcasting
 * Level 2.7 Transmutations


You had 3 spell levels left.
You knew the following spells:

 Your Spells              Type           Power        Failure   Level  Hunger
a - Beastly Appendage     Tmut           ##....       7%          1    #......
b - Sticks to Snakes      Tmut           ##......     10%         2    ###....

Your spell library contained the following spells:

 Spells                   Type           Power        Failure   Level  Hunger
 Spider Form              Tmut/Pois      #.........   34%         3    ###....
 Ice Form                 Ice/Tmut       #.......     75%         4    #####..
 Blade Hands              Tmut           ##........   88%         5    ######.


Dungeon Overview and Level Annotations

Branches:
Dungeon (2/15)

Altars:

Annotations:
D:2 Jessica


Innate Abilities, Weirdness & Mutations

You cannot wear most types of armour.
You are very stealthy in the water. (Stealth+)
You are amphibious.
You can wear up to eight rings at the same time.
You can use your tentacles to constrict eight enemies at once.
Your skin changes colour to match your surroundings (Stealth+).
Your rubbery body absorbs attacks. (AC +1, EV +1)
One of your tentacles bears a large vicious spike.


Message History

You are too injured to fight recklessly!
You tentacle-slap Jessica but do no damage.
You grab Jessica. You constrict Jessica. Jessica closely misses you.
You tentacle-slap Jessica but do no damage.
You pierce Jessica, but do no damage.
Jessica is lightly wounded.
You constrict Jessica, but do no damage.
Jessica completely misses you.
You tentacle-slap Jessica but do no damage.
Jessica is lightly wounded.
You constrict Jessica, but do no damage.
Jessica casts a spell.
Jessica seems to speed up.
You tentacle-slap Jessica.
You pierce Jessica, but do no damage.
Your squeeze misses Jessica.
Jessica is moderately wounded.
You constrict Jessica.
You feel sick. Jessica casts a spell at you. Pain shoots through your body!
You die...

##.#.# ..#.#
..#.########
..#.........
#.#.........
#.#.........
#.#..)......
#####.#.####.###
#.....@.# #....@..#
#.......# #########
#####.#.# #.......#
#.#... #.......#
#.########.......##
#.#...............#
#.#.######........#
#.#.#..........##.#


You could see Jessica.

Vanquished Creatures
  A gnoll (D:1)
  An adder (D:2)
  An ooze (D:1)
  A dart slug (D:1)
  3 giant cockroaches
  4 goblins (D:1)
  2 hobgoblins (D:1)
  2 jackals (D:1)
  2 kobolds
  2 bats
  A frilled lizard (D:1)
  A rat (D:1)
21 creatures vanquished.

Notes
Turn   | Place    | Note
-------+----------+-------------------------------------------
     0 | D:1      | Descartes the Octopode Transmuter began the quest for the
                  | Orb.
     0 | D:1      | Reached XP level 1. HP: 13/13 MP: 3/3
   164 | D:1      | Reached XP level 2. HP: 18/18 MP: 3/5
   169 | D:1      | Learned a level 2 spell: Sticks to Snakes
   497 | D:1      | Reached XP level 3. HP: 23/23 MP: 6/6
  1137 | D:2      | Noticed Jessica
  1145 | D:2      | Killed from afar by Jessica

Action                   || total
-------------------------++-------
Melee: Unarmed           ||    46
       Constrict         ||    17
       Kick              ||     5
       Tentacles         ||     9
 Cast: Beastly Appendage ||     3
 Stab: Sleeping          ||     3
  Eat: Chunk             ||     1
Armor: Skin              ||     5
Dodge: Dodged            ||    22
